 Dungeon Crawl Stone Soup version 0.19-a0-1007-g133f65f (webtiles) character file.

42 poirepourri the Conjurer (level 3, -1/19 HPs)
             Began as a Deep Elf Conjurer on July 21, 2016.
             Succumbed to a goblin's poison
             ... on level 1 of the Dungeon.
             The game lasted 00:01:51 (1608 turns).

poirepourri the Conjurer (Deep Elf Conjurer)        Turns: 1608, Time: 00:01:52

Health: -1/19      AC:  2    Str:  5    XL:     3   Next: 35%
Magic:  8/10       EV: 18    Int: 20    God:
Gold:   51         SH:  0    Dex: 20    Spells: 3 memorised, 4 levels left

rFire  . . .     SeeInvis .     m - -2 short sword
rCold  . . .     Gourm    .     a - +0 robe
rNeg   . . .     Faith    .     (no shield)
rPois  .         Spirit   .     (no helmet)
rElec  .         Dismiss  .     (no cloak)
rCorr  .         Reflect  .     (no gloves)
SustAt .         Harm     .     (no boots)
MR     .....                    (no amulet)
Stlth  +++.......               (no ring)
                                (no ring)

@: agile, lethally poisoned (-1 -> -17), not resistant to hostile enchantments,
fairly stealthy
A: no striking features
a: no special abilities


You were on level 1 of the Dungeon.
You were not hungry.

You visited 1 branch of the dungeon, and saw 2 of its levels.

You collected 51 gold pieces.

Inventory:

Hand Weapons
 m - a -2 short sword (weapon)
Armour
 a - a +0 robe (worn)
Jewellery
 i - an uncursed amulet of rage
Scrolls
 g - a scroll of recharging
 h - a scroll of amnesia {unknown}
Potions
 d - a potion of cancellation
Books
 b - a book of Conjurations

   Spells                             Type                      Level
   a - Magic Dart                     Conjuration                  1
   b - Searing Ray                    Conjuration                  2
   c - Dazzling Spray                 Conjuration/Hexes            3
   d - Fulminant Prism                Conjuration/Hexes            4
   e - Iskenderun's Mystic Blast      Conjuration                  4
   f - Iskenderun's Battlesphere      Conjuration/Charms           5
Comestibles
 c - 5 bread rations
 j - a meat ration
 l - 4 fruits


   Skills:
 - Level 2.4 Dodging
 - Level 2.4 Stealth
 * Level 4.2 Spellcasting
 + Level 5.1 Conjurations


You had 4 spell levels left.
You knew the following spells:

 Your Spells              Type           Power        Failure   Level  Hunger
a - Magic Dart            Conj           ###.         1%          1    None
b - Searing Ray           Conj           ###...       2%          2    #......
c - Dazzling Spray        Conj/Hex       ##....       14%         3    ###....


Dungeon Overview and Level Annotations

Branches:
Dungeon (2/15)

Altars:

Annotations:
D:2 Robin


Message History

You feel sick. The goblin closely misses you.
You feel sick.
The goblin hits you with a dagger of venom.
* * * LOW HITPOINT WARNING * * *
You are more poisoned.
There is an escape hatch in the ceiling here.
* * * LOW HITPOINT WARNING * * *
You feel sick.
The goblin hits you but does no damage. x2
You are more poisoned.
A mysterious force pulls you upwards. The hatch slams shut behind you.
* * * LOW HITPOINT WARNING * * *
You feel sick.
Unknown command.
It was a potion of cancellation.
You feel magically purged.
* * * LOW HITPOINT WARNING * * *
You feel sick. The goblin hits you but does no damage.
The goblin closely misses you.
It was a potion of agility.
You feel agile all of a sudden.
You die...

#...........##
#.........###[.)
#.....#####..#
##.###########.## ###.###
##.# ##..# #..# #..#
#.###..## #######.##
##.#######.....##
##.......#
####............##
###..#######
......########.#####...##
## ####....# #..#....###
#####. ####.# ##.@g####
#####..... #.#######..g###
#.....####
#..รท...#..#...## #.#####
#####....####..###)#
#...### ##..##.#
#.#...#####....####
##.###.............#
#..###...###..#..###
####.#....#..##....########


You could see 2 goblins.

Vanquished Creatures
  An ooze (D:1)
  2 dart slugs (D:1)
  A giant gecko (D:1)
  4 bats
  A giant cockroach (D:1)
  6 goblins
  4 hobgoblins
  4 jackals (D:1)
  2 kobolds (D:1)
  A giant gecko zombie (D:1)
  A giant newt (D:1)
  A rat (D:1)
28 creatures vanquished.

Notes
Turn   | Place    | Note
-------+----------+-------------------------------------------
     0 | D:1      | poirepourri the Deep Elf Conjurer began the quest for the Orb.
     0 | D:1      | Reached XP level 1. HP: 10/10 MP: 6/6
   389 | D:1      | Reached XP level 2. HP: 15/15 MP: 1/8
   750 | D:1      | Reached skill level 5 in Conjurations
  1108 | D:1      | Reached XP level 3. HP: 19/19 MP: 6/10
  1374 | D:1      | Learned a level 2 spell: Searing Ray
  1378 | D:1      | Learned a level 3 spell: Dazzling Spray
  1578 | D:2      | Noticed Robin
  1608 | D:1      | Succumbed to a goblin's poison

Vault maps used:
D:1:      mrwooster_arrival_statue_3, serial_park_tiny_1, hex_tiny
D:2:      nicolae_overflow_hidden_temple, first_bread, uniq_robin

Skill      XL: |  1  2  3 |
---------------+----------+-----
Conjurations   | 5 |  5.1
Spellcasting   | 4 |  4.2
Dodging        | |  2.4
Stealth        | |  2.4

Action                   || total
-------------------------++-------
Melee: Unarmed           ||     3
       Short sword       ||     2
 Cast: Magic Dart        ||    62
  Use: Scroll            ||     6
       Potion            ||     3
  Eat: Beef jerky        ||     1
Armor: Robe              ||     4
Dodge: Dodged            ||    23
